 Dungeon Crawl Stone Soup version 0.28-a0-8-g6e044cfa68 (webtiles) character file.

Game seed: 16313467519872744421

32 Demosthentine the Poker (level 3, 0/28 HPs)
             Began as a Merfolk Gladiator on July 25, 2021.
             Slain by an orc wizard (3 damage)
             ... on level 1 of the Dungeon.
             The game lasted 00:01:05 (1074 turns).

Demosthentine the Poker (Merfolk Gladiator)         Turns: 1074, Time: 00:01:06

Health: 0/28       AC:  6    Str: 15    XL:     3   Next: 25%
Magic:  3/3        EV: 13    Int:  7    God:
Gold:   23         SH:  0    Dex: 15    Spells: 2/2 levels left

rFire   . . .      SeeInvis .   a - +0 trident
rCold   . . .      Faith    .   (no shield)
rNeg    . . .      Spirit   .   b - +0 leather armour
rPois   .          Reflect  .   c - +1 helmet
rElec   .          Harm     .   (no cloak)
rCorr   .          Rampage  .   e - +0 pair of gloves
Will    .....                   (no boots)
Stlth   +.........              (no amulet)
HPRegen 0.09/turn               (no ring)
MPRegen 0.08/turn               (no ring)

@: confused
A: (nimble swimmer 2), mertail
a: no special abilities


You were on level 1 of the Dungeon.
You visited 1 branch of the dungeon, and saw 2 of its levels.

You collected 23 gold pieces.

Inventory:

Hand Weapons
 a - a +0 trident (weapon)
Missiles
 d - 3 throwing nets (quivered)
Armour
 b - a +0 leather armour (worn)
 c - a +1 helmet (worn)
 e - a +0 pair of gloves (worn)
Scrolls
 g - a scroll of summoning {unknown}
Potions
 f - a potion of brilliance
 h - a potion of curing {unknown}


   Skills:
 + Level 2.7 Fighting
 + Level 4.9 Polearms
 - Level 2.0 Throwing
 + Level 0.7 Armour
 + Level 4.5 Dodging


You had 2 spell levels left.
You didn't know any spells.
Your spell library was empty.

Dungeon Overview and Level Annotations

Branches:
Dungeon (2/15)

Altars:


Innate Abilities, Weirdness & Mutations

((You are quick and stealthy near water. (Stealth+, EV+, Speed+++)))
Your lower body shifts to a powerful aquatic tail in water.


Message History

Okay, then.
The orc wizard gestures at you while chanting.
You are confused.
The orc wizard closely misses you.
The orc wizard hits you but does no damage.
You bump into the rock wall.
The orc wizard gestures at you while chanting.
You are more confused.
The orc wizard completely misses you.
You bump into the rock wall.
The orc wizard hits you but does no damage. x2
You bump into the rock wall.
The orc wizard hits you with a +0 dagger.
* * * LOW HITPOINT WARNING * * *
The orc wizard hits you but does no damage.
You closely miss the orc wizard.
The orc wizard is lightly wounded.
The orc wizard closely misses you.
The orc wizard hits you with a +0 dagger.
* * * LOW HITPOINT WARNING * * *
You bump into the rock wall.
The orc wizard gestures wildly while chanting.
The orc wizard flickers and vanishes!
Deactivating autopickup; reactivate with Ctrl-A.
The orc wizard misses you.
You bump into the rock wall.
The orc wizard casts a spell at you. Something hits you but does no damage.
You bump into the rock wall.
Something hits you but does no damage.
You bump into the rock wall.
You feel less confused.
You hear some strange, mumbled words.
You are confused.
You bump into the rock wall.
Something hits you but does no damage.
You bump into the rock wall.
Something hits you but does no damage.
You bump into the rock wall.
Something hits you.
* * * LOW HITPOINT WARNING * * *
You bump into the rock wall.
Something hits you but does no damage.
You bump into the rock wall.
Something hits you.
You die...

≈.≈.≈≈.####.## #.#
#...#'## #.#
..≈..≈.#.....# #.#
##.....# #.#
.<≈..≈.#.....###.#
#..(..# #.#
.≈≈..≈.#......##.#
#.....# #.#
.....≈.#....#.##.#
#.....# #..
.....≈.#....#.##.#
#.....######
≈≈≈≈≈≈.######..#.#
#.....##...† .......#
##.#.# #.....##....
...##### #.#@#
#.....##.... ####
#.#{# #.....######
#..o# #...........
##..# #...........
#.[# ####........ ##>#
#........ #####)#####
#.##.....
#.........####.##.####
#...............#.#...


You could see an orc wizard.

Vanquished Creatures
  A dart slug (D:1)
  2 orcs (D:1)
  2 endoplasms (D:1)
  2 giant cockroaches (D:1)
  4 goblins
  3 hobgoblins (D:1)
  A kobold (D:1)
  2 ball pythons (D:1)
  5 bats (D:1)
  2 frilled lizards (D:1)
  3 rats (D:1)
27 creatures vanquished.

Notes
Turn   | Place    | Note
-------+----------+-------------------------------------------
     0 | D:1      | Demosthentine the Merfolk Gladiator began the quest for the
                  | Orb.
     0 | D:1      | Reached XP level 1. HP: 16/16 MP: 1/1
   317 | D:1      | Reached XP level 2. HP: 23/23 MP: 2/2
   531 | D:1      | Reached XP level 3. HP: 28/28 MP: 3/3
   874 | D:2      | Found a faded altar of an unknown god.
  1074 | D:1      | Slain by an orc wizard

Illustrated notes

Levels and vault maps discovered:
D:1:      ebering_hopf_link, layout_basic
D:2:      layout_rooms, serial_shops, nicolae_shop_window_shopping, shop,
          nicolae_shop_behind_doors, basic_ecumenical_altar,
          hangedman_decor_growths, minmay_stone_trees_small,
          minmay_randomly_rotated_circles, uniq_terence

Action                   || total
-------------------------++-------
Melee: Trident           ||    70
  Use: Scroll            ||     2
Armor: Leather armour    ||    31
Dodge: Dodged            ||    54

Table legend: (Time is in decaauts)
 A = Elapsed time spent in this place.
 B = Non-inter-level travel time spent in this place.
 C = Inter-level travel time spent in this place.
 D = Time resting spent in this place.
 E = Time spent auto-exploring this place.
 F = Levels seen in this place.
 G = Mean time per level.
                   A        B        C        D        E       F      G
               +--------+--------+--------+--------+--------+-----+--------+
         Total |   1077 |   1038 |     39 |    105 |    738 |   2 |  538.5 |
       Dungeon |   1077 |   1038 |     39 |    105 |    738 |   2 |  538.5 |
               +--------+--------+--------+--------+--------+-----+--------+

Top non-repeatable levels by time:
     D:1: 1013 daAuts
     D:2: 64 daAuts
